 Dungeon Crawl Stone Soup version 0.24.0-123-gd5b16e6ec5 (webtiles) character file.

Game seed: 10281922097653561428, levelgen mode: deterministic

1026 ReteAZ the Ruffian (level 8, -1/74 HPs)
             Began as a Troll Fighter on Dec 24, 2019.
             Slain by a killer bee (4 damage)
             ... on level 5 of the Dungeon.
             The game lasted 00:04:41 (1992 turns).

ReteAZ the Ruffian (Troll Fighter)                  Turns: 1992, Time: 00:04:42

Health: -1/74      AC:  6    Str: 25    XL:     8   Next: 2%
Magic:  7/7        EV:  9    Int:  4    God:
Gold:   228        SH: 11    Dex: 11    Spells: 7/7 levels left

rFire    . . .     SeeInvis .     - Unarmed
rCold    . . .     Gourm    +   b - +1 shield
rNeg     . . .     Faith    .   a - +0 robe
rPois    .         Spirit   .   (helmet restricted)
rElec    .         Reflect  .   (no cloak)
rCorr    .         Harm     .   (gloves unavailable)
MR       .....                  (boots unavailable)
Stlth    ..........             (no amulet)
HPRegen  0.62/turn              i - ring of attention (curse)
MPRegen  0.10/turn              (no ring)

@: lethally poisoned (-1 -> -2)
A: large, unfitting armour, claws 3, fast metabolism 3, gourmand, regeneration
1, shaggy fur 1, tough skin 3
a: no special abilities


You were on level 5 of the Dungeon.
You were completely stuffed.

You visited 2 branches of the dungeon, and saw 6 of its levels.
You also visited: Sewer.

You collected 228 gold pieces.

Inventory:

Missiles
 e - 151 stones (quivered)
Armour
 a - a +0 robe (worn)
 b - a +1 shield (worn)
Jewellery
 i - a cursed ring of attention (left claw)
 t - a +3 ring of slaying {unknown}
Scrolls
 j - 5 scrolls of teleportation
 k - a scroll of fog
 l - 2 scrolls of identify
 o - a scroll of fear {unknown}
 q - a scroll of enchant weapon {unknown}
Potions
 c - a potion of might
 f - 2 potions of curing
 g - a potion of haste {unknown}
 h - a potion of berserk rage {unknown}
 m - 3 potions of agility {unknown}
 n - 4 potions of flight {unknown}
 p - a potion of magic {unknown}
 s - a potion of brilliance {unknown}
Comestibles
 d - 4 rations


   Skills:
 - Level 2.4 Fighting
 - Level 2.4 Dodging
 + Level 5.1 Shields
 * Level 7.9 Unarmed Combat


You had 7 spell levels left.
You didn't know any spells.
Your spell library was empty.

Dungeon Overview and Level Annotations

Branches:
Dungeon (5/15)             Temple (1/1) D:5           Sewer (visited)

Altars:
Ashenzari
Cheibriados
Dithmenos
Elyvilon
Gozag
Hepliaklqana
Nemelex Xobeh
Okawaru
Qazlal
Ru
Sif Muna
Trog
Uskayaw
Vehumet
Yredelemnul
Zin


Innate Abilities, Weirdness & Mutations

You are too large for most types of armour.
You have claws for hands.
Your metabolism is lightning-fast.
You like to eat raw meat.
Your natural rate of healing is unusually fast.
You are covered in fur. (AC +1)
You have extremely tough skin. (AC +3)


Message History

* * * LOW HITPOINT WARNING * * *
You feel better. You block the killer bee's attack. The killer bee stings you.
* * * LOW HITPOINT WARNING * * *
You are poisoned.
The killer bee poisons you!
You scratch the killer bee.
The killer bee is lightly wounded.
You feel sick. You block the killer bee's attack. x2
You claw the killer bee!
The killer bee is heavily wounded.
You feel sick. The killer bee stings you.
* * * LOW HITPOINT WARNING * * *
You are lethally poisoned!
The killer bee poisons you!
All of the chunks of flesh in your inventory have rotted away.
You feel better. The killer bee stings you!
* * * LOW HITPOINT WARNING * * *
You are poisoned.
The killer bee poisons you! The killer bee stings you.
You die...

...#######.#.#####
....#...>.........
..#.#.####.#.###### #.#.#
#........#
#.#.#.######.####.###
#.#.#..(............######.
....########.####..†y..y.(.
..### ###.######.# ..###
#......@y..# ....####
#.#.######.# .............#
#.# ..############ ... ..#
.#.# ..# . .# ..# #. ## ..#
.^#####


You could see a killer bee.

Vanquished Creatures
  A sky beast (D:5)
  Purgy (Sewer)
  A necrophage (D:5)
  A phantom (D:4)
  2 scorpions (D:4)
  5 killer bees (D:5)
  A howler monkey (D:5)
  A hound (D:4)
  A centaur skeleton (D:5)
  6 worker ants
  5 adders
  An adder skeleton (D:4)
  A dart slug (D:4)
  A leopard gecko (D:4)
  5 orcs (D:5)
  5 ball pythons
  8 giant cockroaches
  2 goblins (D:1)
  5 hobgoblins
  2 quokkas
  3 bats
  5 frilled lizards
  3 kobolds
  A leopard gecko skeleton (D:4)
  3 rats
70 creatures vanquished.

Notes
Turn   | Place    | Note
-------+----------+-------------------------------------------
     0 | D:1      | ReteAZ the Troll Fighter began the quest for the Orb.
     0 | D:1      | Reached XP level 1. HP: 22/22 MP: 0/0
   255 | D:1      | Reached XP level 2. HP: 29/29 MP: 1/1
   527 | D:2      | Reached skill level 3 in Unarmed Combat
   539 | D:2      | Reached XP level 3. HP: 36/36 MP: 2/2
   989 | D:4      | Reached XP level 4. HP: 44/44 MP: 3/3
  1030 | D:4      | Reached skill level 4 in Unarmed Combat
  1039 | D:4      | Reached XP level 5. HP: 15/50 MP: 4/4
  1231 | D:4      | Reached skill level 5 in Unarmed Combat
  1267 | D:4      | Reached XP level 6. HP: 58/59 MP: 5/5
  1387 | D:5      | Entered Level 5 of the Dungeon
  1387 | D:5      | Found a glowing drain.
  1401 | D:5      | Reached skill level 6 in Unarmed Combat
  1429 | Sewer    | Entered a sewer
  1485 | Sewer    | Noticed Purgy
  1493 | Sewer    | Killed Purgy
  1493 | Sewer    | Reached XP level 7. HP: 64/66 MP: 6/6
  1611 | D:5      | Found a staircase to the Ecumenical Temple.
  1637 | Temple   | Entered the Ecumenical Temple
  1810 | D:5      | Reached skill level 7 in Unarmed Combat
  1978 | D:5      | Reached skill level 5 in Shields
  1988 | D:5      | Reached XP level 8. HP: 7/74 MP: 7/7
  1991 | D:5      | HP: 3/74 [killer bee (3)]
  1992 | D:5      | Slain by a killer bee

Levels and vault maps discovered:
D:1:      dpeg_arrival_circle_labyrinth_c, layout_basic, minmay_misc_feat_doors
D:2:      layout_loops_ring
D:3:      layout_basic, gammafunk_temple_overflow_wave, demons_altar
D:4:      layout_rooms, first_ration, grunt_ministairs_3,
          kennysheep_generic_room_14
D:5:      layout_loops_ring, minmay_temple_entry_large_hall,
          cheibrodos_sewer_entry_drain
Temple:   compressed_dpeg_circular_temple

Skill      XL: |  1  2  3  4  5  6  7 |
---------------+----------------------+-----
Unarmed Combat | 3 4 5 6 7 |  7.9
Shields        | 3 4 5 |  5.1
Fighting       | |  2.4
Dodging        | |  2.4

Action                   |  1- 3 |  4- 6 |  7- 9 || total
-------------------------+-------+-------+-------++-------
Melee: Unarmed           |    67 |   108 |    55 ||   230
  Use: Scroll            |       |     4 |       ||     4
       Potion            |       |       |     4 ||     4
 Stab: Sleeping          |     1 |       |       ||     1
  Eat: Chunk             |    12 |     7 |     5 ||    24
Armor: Robe              |    19 |    30 |     9 ||    58
Dodge: Dodged            |    14 |    34 |    17 ||    65
Block: Shield            |    34 |    39 |    33 ||   106
